MLB
MONTREAL EXPOS @ TORONTO BLUE JAYS
08/19/2045
 
TOP OF THE 1ST
Montreal Expos batting - Pitching for Toronto Blue Jays : RHP Timo Lantinga
Pitching: RHP Timo Lantinga
Batting: RHB Hugo Bautista 0-0: Called Strike
0-1: Foul Ball, location: 2F
0-2: Ball
1-2: Ground out 6-3 (Groundball, 6, EV 79.4 MPH)
Batting: SHB Pete Barutha 0-0: Called Strike
0-1: Foul Ball, location: 2F
0-2: Ground out 3-1 (Groundball, 34, EV 101.9 MPH)
Batting: RHB Mike Salmon 0-0: Ball
1-0: SINGLE (Groundball, 4MS, EV 84.4 MPH) (infield hit)
Batting: LHB Austin Ohmer 0-0: Ball
1-0: Called Strike
1-1: Ball
2-1: Ball
3-1: 2-RUN HOME RUN (Flyball, 78XD, EV 111.9 MPH), Distance : 404 ft
Batting: RHB Robby Juarez 0-0: SINGLE (Groundball, 6M, EV 95.6 MPH)
Batting: LHB Jimmy Buscemi 0-0: Ball
1-0: Ball
2-0: Ball
3-0: Swinging Strike
3-1: Fly out, F8 (Flyball, 8RD, EV 97.5 MPH)
Top of the 1st over - 2 runs, 3 hits, 0 errors, 1 left on base; Montreal 2 - Toronto 0
BOTTOM OF THE 1ST
Toronto Blue Jays batting - Pitching for Montreal Expos : RHP Jonathan Jackson
Pitching: RHP Jonathan Jackson
Batting: RHB Donny Burnside 0-0: Swinging Strike
0-1: Ball
1-1: Ball
2-1: Foul Ball, location: 2F
2-2: Strikes out swinging
Batting: LHB Michael Byrd 0-0: Ball
1-0: Ground out 4-3 (Groundball, 34, EV 100.0 MPH)
Batting: SHB Mark Rennie 0-0: Swinging Strike
0-1: Swinging Strike
0-2: Ball
1-2: Ball
2-2: Ball
3-2: Fly out, F6 (Popup, 4D, EV 53.8 MPH)
Bottom of the 1st over - 0 runs, 0 hits, 0 errors, 0 left on base; Montreal 2 - Toronto 0
TOP OF THE 2ND
Montreal Expos batting - Pitching for Toronto Blue Jays : RHP Timo Lantinga
Batting: RHB John Ham 0-0: Ground out 3-1 (Groundball, 34, EV 86.9 MPH)
Batting: LHB Steve Anderson 0-0: Swinging Strike
0-1: Ball
1-1: Foul Ball, location: 2F
1-2: Ball
2-2: SINGLE (Line Drive, 8LS, EV 106.2 MPH)
Batting: RHB EugĂȘnio Asceno 0-0: Foul Ball, location: 2F
0-1: Ball
1-1: Grounds into double play, 5-4-3 (Groundball, 5, EV 85.0 MPH)
Top of the 2nd over - 0 runs, 1 hit, 0 errors, 0 left on base; Montreal 2 - Toronto 0
BOTTOM OF THE 2ND
Toronto Blue Jays batting - Pitching for Montreal Expos : RHP Jonathan Jackson
Batting: RHB Kirk Arp 0-0: Called Strike
0-1: Ball
1-1: Ball
2-1: Ball
3-1: Ground out 5-3 (Groundball, 56S, EV 73.8 MPH)
Batting: RHB Jason May 0-0: Ball
1-0: Swinging Strike
1-1: Foul Ball, location: 2F
1-2: Strikes out swinging
Batting: RHB Ruben Velasco 0-0: DOUBLE (Line Drive, 89XD, EV 109.4 MPH)
Batting: LHB Jon Schick 0-0: Foul Ball, location: 2F
0-1: Swinging Strike
0-2: Ball
1-2: Ball
2-2: Strikes out swinging
Bottom of the 2nd over - 0 runs, 1 hit, 0 errors, 1 left on base; Montreal 2 - Toronto 0
TOP OF THE 3RD
Montreal Expos batting - Pitching for Toronto Blue Jays : RHP Timo Lantinga
Batting: RHB Hugo Bautista 0-0: Foul Ball, location: 2F
0-1: Foul Ball, location: 2F
0-2: Foul Ball, location: 2F
0-2: Ball
1-2: Foul Ball, location: 2F
1-2: Ground out U3 (Groundball, 34S, EV 87.5 MPH)
Batting: SHB Pete Barutha 0-0: Ball
1-0: Ball
2-0: SINGLE (Flyball, 8LS, EV 92.5 MPH)
Batting: RHB Mike Salmon 0-0: Called Strike
0-1: Fielders Choice at 2nd, 6-4 (Groundball, 56, EV 101.2 MPH)
Batting: LHB Austin Ohmer 0-0: Ball
1-0: Ground out U3 (Groundball, 3S, EV 84.4 MPH)
Top of the 3rd over - 0 runs, 1 hit, 0 errors, 1 left on base; Montreal 2 - Toronto 0
BOTTOM OF THE 3RD
Toronto Blue Jays batting - Pitching for Montreal Expos : RHP Jonathan Jackson
Batting: RHB Mike Blair 0-0: Ball
1-0: Ground out 4-3 (Groundball, 34, EV 85.6 MPH)
Batting: RHB Tommy Mize 0-0: Called Strike
0-1: Ball
1-1: Foul Ball, location: 2F
1-2: Ground out 5-3 (Groundball, 56S, EV 70.6 MPH)
Batting: RHB Donny Burnside 0-0: Ground out 5-3 (Groundball, 56S, EV 65.0 MPH)
Bottom of the 3rd over - 0 runs, 0 hits, 0 errors, 0 left on base; Montreal 2 - Toronto 0
TOP OF THE 4TH
Montreal Expos batting - Pitching for Toronto Blue Jays : RHP Timo Lantinga
Batting: RHB Robby Juarez 0-0: Called Strike
0-1: Ball
1-1: Foul Ball, location: 2F
1-2: Ball
2-2: Strikes out swinging
Batting: LHB Jimmy Buscemi 0-0: Ball
1-0: Called Strike
1-1: Ball
2-1: Ground out 6-3 (Groundball, 6MD, EV 108.1 MPH)
Batting: RHB John Ham 0-0: Ball
1-0: Ball
2-0: Called Strike
2-1: Called Strike
2-2: Foul Ball, location: 2F
2-2: DOUBLE (Line Drive, 7LS, EV 90.6 MPH)
Batting: LHB Steve Anderson 0-0: Ground out 6-3 (Groundball, 6, EV 100.6 MPH)
Top of the 4th over - 0 runs, 1 hit, 0 errors, 1 left on base; Montreal 2 - Toronto 0
BOTTOM OF THE 4TH
Toronto Blue Jays batting - Pitching for Montreal Expos : RHP Jonathan Jackson
Batting: LHB Michael Byrd 0-0: Called Strike
0-1: Foul Ball, location: 2F
0-2: Ground out 4-3 (Groundball, 4, EV 83.8 MPH)
Batting: SHB Mark Rennie 0-0: Ball
1-0: Swinging Strike
1-1: Ball
2-1: Foul Ball, location: 2F
2-2: Ball
3-2: Base on Balls
Batting: RHB Kirk Arp 0-0: Ball
1-0: Ball
2-0: Foul Ball, location: 2F
2-1: Swinging Strike
2-2: Strikes out swinging
Batting: RHB Jason May 0-0: Called Strike
0-1: Ball
1-1: Ball
2-1: 2-RUN HOME RUN (Flyball, 9D, EV 94.4 MPH), Distance : 369 ft
Batting: RHB Ruben Velasco 0-0: Swinging Strike
0-1: Ball
1-1: Called Strike
1-2: Foul Ball, location: 2F
1-2: Ground out 4-3 (Groundball, 34D, EV 105.6 MPH)
Bottom of the 4th over - 2 runs, 1 hit, 0 errors, 0 left on base; Montreal 2 - Toronto 2
TOP OF THE 5TH
Montreal Expos batting - Pitching for Toronto Blue Jays : RHP Timo Lantinga
Batting: RHB EugĂȘnio Asceno 0-0: Swinging Strike
0-1: Ball
1-1: Ball
2-1: Foul Ball, location: 2F
2-2: Strikes out swinging
Batting: RHB Hugo Bautista 0-0: Foul Ball, location: 2F
0-1: Fly out, F8 (Flyball, 8LD, EV 100.6 MPH)
Batting: SHB Pete Barutha 0-0: Ground out 6-3 (Groundball, 6M, EV 105.0 MPH)
Top of the 5th over - 0 runs, 0 hits, 0 errors, 0 left on base; Montreal 2 - Toronto 2
BOTTOM OF THE 5TH
Toronto Blue Jays batting - Pitching for Montreal Expos : RHP Jonathan Jackson
Batting: LHB Jon Schick 0-0: Swinging Strike
0-1: Ball
1-1: SINGLE (Groundball, 6MD, EV 96.2 MPH)
Batting: RHB Mike Blair 0-0: Ball
1-0: Called Strike
1-1: Called Strike
1-2: Hit by Pitch
Jon Schick to second
Pinch Runner at 1st Dylan Novakowski:
Batting: RHB Tommy Mize 0-0: Fly out, F9 (Line Drive, 9S, EV 90.6 MPH)
Batting: RHB Donny Burnside 0-0: Foul Ball, location: 2F
0-1: SINGLE (Line Drive, 3, EV 65.0 MPH) (infield hit)
Jon Schick to third
Dylan Novakowski to second
Batting: LHB Michael Byrd 0-0: Swinging Strike
0-1: Swinging Strike
0-2: Strikes out swinging
Batting: SHB Mark Rennie 0-0: Called Strike
0-1: SINGLE (Groundball, 6MD, EV 103.8 MPH)
Jon Schick scores
Dylan Novakowski to third
Donny Burnside to second
Runner from 3rd tries for Home, SAFE, throw by CF to home
Batting: RHB Kirk Arp 0-0: Called Strike
0-1: Ball
1-1: SINGLE (Line Drive, 78S, EV 97.5 MPH)
Donny Burnside to third
Mark Rennie to second
Runner from 3rd tries for Home, SAFE, throw by LF to home
Pitching: RHP Elliott Payne
Batting: RHB Jason May 0-0: Called Strike
0-1: Ball
1-1: Foul Ball, location: 2F
1-2: Fly out, F8 (Line Drive, 8RM, EV 103.1 MPH)
Bottom of the 5th over - 3 runs, 4 hits, 0 errors, 2 left on base; Montreal 2 - Toronto 5
TOP OF THE 6TH
Montreal Expos batting - Pitching for Toronto Blue Jays : RHP Timo Lantinga
Now at C: Dylan Novakowski
Batting: RHB Mike Salmon 0-0: Ball
1-0: Foul Ball, location: 2F
1-1: Ball
2-1: Ground out 4-3 (Groundball, 4, EV 86.2 MPH)
Batting: LHB Austin Ohmer 0-0: Called Strike
0-1: SINGLE (Line Drive, 6MD, EV 94.4 MPH)
Batting: RHB Robby Juarez 0-0: Ball
Austin Ohmer steals 2nd base
1-0: Ball
Wild Pitch!
Austin Ohmer to third
2-0: Ground out 6-3 (Groundball, 6S, EV 85.6 MPH)
Austin Ohmer scores
Batting: LHB Jimmy Buscemi 0-0: Ball
1-0: Ball
2-0: Foul Ball, location: 2F
2-1: Swinging Strike
2-2: Ball
3-2: Fly out, F7 (Flyball, 7D, EV 96.2 MPH)
Top of the 6th over - 1 run, 1 hit, 0 errors, 0 left on base; Montreal 3 - Toronto 5
BOTTOM OF THE 6TH
Toronto Blue Jays batting - Pitching for Montreal Expos : RHP Elliott Payne
Batting: RHB Ruben Velasco 0-0: Ball
1-0: Called Strike
1-1: Ball
2-1: Fly out, F8 (Flyball, 8LD, EV 82.5 MPH)
Batting: LHB Jon Schick 0-0: Called Strike
0-1: Foul Ball, location: 2F
0-2: Foul Ball, location: 2F
0-2: Ball
1-2: Foul Ball, location: 2F
1-2: Ball
2-2: Foul Ball, location: 2F
2-2: Foul Ball, location: 2F
2-2: Ball
3-2: SINGLE (Line Drive, 8RS, EV 110.6 MPH)
Batting: SHB Dylan Novakowski 0-0: Called Strike
Jon Schick steals 2nd base (no throw)
0-1: Ball
1-1: Swinging Strike
1-2: Strikes out swinging
Batting: RHB Tommy Mize 0-0: Ball
1-0: SINGLE (Line Drive, 6D, EV 94.4 MPH)
Jon Schick to third
Batting: RHB Donny Burnside 0-0: Foul Ball, location: 2F
0-1: Ball
1-1: Called Strike
1-2: Ball
2-2: Foul Ball, location: 2F
2-2: Ground out 5-3 (Groundball, 5S, EV 81.9 MPH)
Bottom of the 6th over - 0 runs, 2 hits, 0 errors, 2 left on base; Montreal 3 - Toronto 5
TOP OF THE 7TH
Montreal Expos batting - Pitching for Toronto Blue Jays : RHP Timo Lantinga
Batting: RHB John Ham 0-0: Called Strike
0-1: Called Strike
0-2: Ball
1-2: Foul Ball, location: 2F
1-2: Ball
2-2: DOUBLE (Groundball, 3L, EV 103.1 MPH)
Batting: LHB Steve Anderson 0-0: Ball
1-0: Ball
2-0: Ball
3-0: Called Strike
3-1: Foul Ball, location: 2F
3-2: SINGLE (Flyball, 7LS, EV 92.5 MPH) - OUT at second base trying to stretch hit.
John Ham scores
Batting: RHB EugĂȘnio Asceno 0-0: Ground out 6-3 (Groundball, 6, EV 93.1 MPH)
Batting: RHB Hugo Bautista 0-0: Ball
1-0: Ground out 4-3 (Groundball, 4M, EV 108.1 MPH)
Top of the 7th over - 1 run, 2 hits, 0 errors, 0 left on base; Montreal 4 - Toronto 5
BOTTOM OF THE 7TH
Toronto Blue Jays batting - Pitching for Montreal Expos : RHP Elliott Payne
Pitching: LHP Mike Jones
Batting: LHB Michael Byrd 0-0: Ball
1-0: Ball
2-0: Foul Ball, location: 2F
2-1: Called Strike
2-2: Strikes out swinging
Pitching: RHP Jeff Urry
Batting: SHB Mark Rennie 0-0: Foul Ball, location: 2F
0-1: Ball
1-1: Swinging Strike
1-2: Foul Ball, location: 2F
1-2: Foul Ball, location: 2F
1-2: Fly out, F8 (Flyball, 8RM, EV 92.5 MPH)
Batting: RHB Kirk Arp 0-0: Called Strike
0-1: Ball
1-1: Ground out 6-3 (Groundball, 56, EV 83.8 MPH)
Bottom of the 7th over - 0 runs, 0 hits, 0 errors, 0 left on base; Montreal 4 - Toronto 5
TOP OF THE 8TH
Montreal Expos batting - Pitching for Toronto Blue Jays : RHP Timo Lantinga
Batting: SHB Pete Barutha 0-0: Ball
1-0: Called Strike
1-1: Fly out, F9 (Flyball, 9S, EV 86.9 MPH)
Batting: RHB Mike Salmon 0-0: Ground out U3 (Groundball, 3L, EV 103.8 MPH)
Batting: LHB Austin Ohmer 0-0: Ball
1-0: Ball
2-0: Ball
3-0: Base on Balls
Pitching: RHP Junpei Yamazaki
Batting: RHB Robby Juarez 0-0: Called Strike
0-1: Ball
Austin Ohmer is caught stealing 2nd base 2-4
Top of the 8th over - 0 runs, 0 hits, 0 errors, 0 left on base; Montreal 4 - Toronto 5
BOTTOM OF THE 8TH
Toronto Blue Jays batting - Pitching for Montreal Expos : RHP Jeff Urry
Batting: RHB Jason May 0-0: Foul Ball, location: 2F
0-1: Swinging Strike
0-2: Ball
1-2: Foul Ball, location: 2F
1-2: Foul Ball, location: 2F
1-2: Strikes out looking
Batting: RHB Ruben Velasco 0-0: Swinging Strike
0-1: Swinging Strike
0-2: Ball
1-2: Foul Ball, location: 2F
1-2: Strikes out swinging
Batting: LHB Jon Schick 0-0: Called Strike
0-1: Ball
1-1: Ball
2-1: Foul Ball, location: 2F
2-2: Ball
3-2: Fly out, F3 (Line Drive, 3, EV 63.8 MPH)
Bottom of the 8th over - 0 runs, 0 hits, 0 errors, 0 left on base; Montreal 4 - Toronto 5
TOP OF THE 9TH
Montreal Expos batting - Pitching for Toronto Blue Jays : RHP Junpei Yamazaki
Pitching: RHP Bobby Wright
Batting: RHB Robby Juarez 0-0: Foul Ball, location: 2F
0-1: Ball
1-1: SINGLE (Groundball, 56D, EV 95.0 MPH)
Batting: LHB Jimmy Buscemi 0-0: Called Strike
0-1: Sac Bunt to 5S - play at first, batter OUT! 5-4
Robby Juarez to second
Batting: RHB John Ham 0-0: Ball
1-0: Called Strike
1-1: Called Strike
1-2: Ball
2-2: Foul Ball, location: 2F
2-2: Fly out, F7 (Flyball, 7LM, EV 111.2 MPH)
Batting: LHB Steve Anderson 0-0: Ball
1-0: Ground out 6-3 (Groundball, 6M, EV 88.1 MPH)
Top of the 9th over - 0 runs, 1 hit, 0 errors, 1 left on base; Montreal 4 - Toronto 5
Wednesday, June 22nd , 2022 - OOTP Baseball 23.4 Build 64